 Dungeon Crawl Stone Soup version 0.20.1-1-g8b1a95d (webtiles) character file.

378 zhuk the Cleaver (level 6, -1/50 HPs)
             Began as a Hill Orc Gladiator on Sept 19, 2017.
             Slain by a river rat (8 damage)
             ... summoned by Eustachio
             ... on level 5 of the Dungeon.
             The game lasted 00:12:37 (5089 turns).

zhuk the Cleaver (Hill Orc Gladiator)               Turns: 5089, Time: 00:12:38

Health: -1/50      AC:  9    Str: 18    XL:     6   Next: 74%
Magic:  6/6        EV: 11    Int:  8    God:
Gold:   13         SH:  0    Dex: 13    Spells: 5/5 levels left

rFire    + . .     SeeInvis +   a - +0 war axe
rCold    + . .     Gourm    .   (no shield)
rNeg     . . .     Faith    .   x - +0 ring mail
rPois    .         Spirit   .   c - +0 helmet
rElec    .         Reflect  .   y - scarf {rC+ rF+}
rCorr    .         Harm     .   D - +0 pair of gloves
MR       .....                  F - +1 pair of boots
Stlth    +.........             (no amulet)
Regen    0.2/turn               g - ring of see invisible
MPRegen  0.1/turn               (no ring)

@: no status effects
A: no striking features
a: no special abilities


You were on level 5 of the Dungeon.
You were hungry.

You visited 1 branch of the dungeon, and saw 5 of its levels.

You collected 174 gold pieces.
You spent 161 gold pieces at shops.

Inventory:

Hand Weapons
 a - a +0 war axe (weapon)
Missiles
 d - 3 throwing nets (quivered)
 E - 4 tomahawks
Armour
 c - a +0 helmet (worn)
 x - a +0 ring mail (worn)
 y - a scarf of resistance (worn)
 D - a +0 pair of gloves (worn)
 F - a +1 pair of boots (worn)
Jewellery
 g - a ring of see invisible (left hand)
Wands
 I - a wand of confusion (32/48)
Scrolls
 e - a scroll of blinking {unknown}
 h - 3 scrolls of identify {unknown}
 j - 2 scrolls of enchant weapon {unknown}
 l - 6 scrolls of remove curse
 m - 3 scrolls of enchant armour
 o - 4 scrolls of teleportation
 p - a scroll of random uselessness {unknown}
 s - 2 scrolls of immolation {unknown}
 u - 2 scrolls of recharging {unknown}
 H - a scroll of magic mapping {unknown}
Potions
 b - a potion of might
 k - a potion of berserk rage {unknown}
 n - a potion of mutation {unknown}
 r - a potion of ambrosia {unknown}
 t - 4 potions of curing {unknown}
 v - 2 potions of heal wounds
 w - 2 potions of invisibility {unknown}
 z - a potion of magic {unknown}
 A - a potion of lignification
 B - a potion of brilliance {unknown}
 G - 2 potions of flight {unknown}
Comestibles
 f - 4 bread rations
 i - 4 meat rations
 q - 3 royal jellies


   Skills:
 - Level 2.4 Fighting
 + Level 9.6 Axes
 - Level 1.7 Throwing
 - Level 2.4 Dodging


You had 5 spell levels left.
You didn't know any spells.

Dungeon Overview and Level Annotations

Branches:
Dungeon (5/15)
 Temple: D:4-7

Altars:

Shops:
D:4 !=!=

Annotations:
D:5 Eustachio


Message History

You hit the river rat but do no damage. You hit the white imp but do no damage.
You slash the ufetubus!
You kill the ufetubus!
You hit the iron imp.
You kill the iron imp!
Eustachio casts a spell.
Eustachio blinks!
The river rat bites you. The white imp gestures at you.
The puff of frost misses you.
You slash the river rat!
The river rat is almost dead.
You closely miss the river rat. You barely miss the white imp.
The river rat closely misses you. x2; The white imp closely misses you.
The river rat bites you!
* * * LOW HITPOINT WARNING * * *
The white imp gestures at you. The puff of frost hits you! You resist.
* * * LOW HITPOINT WARNING * * *
The river rat bites you!
You die...

...# #...# .# #...# .# #
#.@.# .##.# #...# #....
#######...######....
.##........(.......###.#
.......@.r..........@...
.#......r......../.#
#.####...5...####.#
#.#.<.#.# ... #.#...#.#
#### #######.# #.# ..#
###


You could see Eustachio, 2 river rats and a white imp.

Vanquished Creatures
  A howler monkey (D:3)
  A hound (D:3)
  2 orc wizards
  Natasha (D:3)
  An iguana (D:4)
  2 worker ants (D:4)
  4 adders
  An ooze (D:2)
  2 worms (D:2)
  A dart slug (D:1)
  3 leopard geckos
  17 orcs
  4 giant cockroaches
  9 goblins
  8 hobgoblins
  3 jackals (D:2)
  11 kobolds
  2 quokkas
  2 ball pythons
  15 bats
  3 frilled lizards
  2 rats
  A plant (D:1)
96 creatures vanquished.

Vanquished Creatures (others)
  A plant (D:1)
1 creature vanquished.

Grand Total: 97 creatures vanquished

Notes
Turn   | Place    | Note
-------+----------+-------------------------------------------
     0 | D:1      | zhuk the Hill Orc Gladiator began the quest for the Orb.
     0 | D:1      | Reached XP level 1. HP: 18/18 MP: 1/1
   166 | D:1      | Reached XP level 2. HP: 24/25 MP: 2/2
   267 | D:1      | Reached skill level 5 in Axes
   744 | D:1      | Reached XP level 3. HP: 25/30 MP: 3/3
   920 | D:2      | Reached skill level 6 in Axes
  1446 | D:2      | Reached XP level 4. HP: 33/37 MP: 4/4
  2118 | D:3      | Reached skill level 7 in Axes
  2282 | D:3      | Reached XP level 5. HP: 21/42 MP: 5/5
  2631 | D:3      | Reached skill level 8 in Axes
  3522 | D:4      | Found Qikhlerr's Distillery.
  3555 | D:3      | Reached XP level 6. HP: 26/50 MP: 6/6
  3701 | D:4      | Found Congil's Distillery.
  3704 | D:4      | Bought a potion of might for 52 gold pieces
  3704 | D:4      | Bought a potion of lignification for 39 gold pieces
  3724 | D:4      | Reached skill level 9 in Axes
  3997 | D:4      | Noticed Natasha
  4011 | D:3      | HP: 1/50 [orc/hand axe (5)]
  4375 | D:3      | Killed Natasha
  4726 | D:4      | Found Reoluver's Jewellery Shoppe.
  4770 | D:4      | Bought a potion of heal wounds for 70 gold pieces
  4849 | D:4      | Found Oroduohahi's Jewellery Emporium.
  5047 | D:5      | Entered Level 5 of the Dungeon
  5054 | D:5      | Noticed Eustachio
  5089 | D:5      | Slain by a river rat

Skill      XL: |  1  2  3  4  5  6 |
---------------+-------------------+-----
Axes           | 5 6 7 8 9 |  9.6
Fighting       | |  2.4
Throwing       | |  1.7
Dodging        | |  2.4

Action                   |  1- 3 |  4- 6 || total
-------------------------+-------+-------++-------
Melee: War axe           |   119 |   244 ||   363
  Use: Scroll            |       |     3 ||     3
  Eat: Chunk             |     2 |    11 ||    13
Armor: Leather armour    |    38 |    24 ||    62
       Ring mail         |       |    64 ||    64
Dodge: Dodged            |    82 |   174 ||   256
